 Dungeon Crawl Stone Soup version 0.31-a0-460-g9e667d4245 (webtiles) character file.

Game seed: 13166878501206767078

991 ytrimaz the Ruffian (level 7, -11/48 HPs)
             Began as a Demonspawn Shapeshifter on Aug 4, 2023.
             Mangled by an ogre
             ... wielding a +0 giant club
              (29 damage)
             ... on level 5 of the Dungeon.
             The game lasted 00:05:59 (5113 turns).

ytrimaz the Ruffian (Demonspawn Shapeshifter)       Turns: 5113, Time: 00:05:59

Health: -11/48     AC:  3    Str: 17    XL:     7   Next: 98%
Magic:  7/7        EV: 12    Int:  9    God:
Gold:   341        SH:  4    Dex: 14    Spells: 6/6 levels left

rFire   . .          .
                       - Unarmed
rCold   . . .        (no shield)
rNeg    . . .        a - +1 animal skin
rPois   .            (helmet currently unavailable)
rElec   .            (cloak currently unavailable)
rCorr   .            (gloves currently unavailable)
SInv    +            (boots currently unavailable)
Will    +....        (no amulet)
Stlth   +            e - ring of willpower
HPRegen 0.28/turn    f - ring of see invisible
MPRegen 0.10/turn

%: no passive effects
@: beast-form
A: beast (slay +3), condensation shield, weakness stinger 2
a: Begin Untransformation


You were on level 5 of the Dungeon.
You were a hulking beast.
You visited 1 branch of the dungeon, and saw 5 of its levels.
You also visited: Sewer and Ossuary.

You collected 341 gold pieces.


Innate Abilities, Weirdness & Mutations

You are a hulking beast.
Your limbs bulge with bestial killing power. (Slay +3)
A meltable shield of frost defends you. (SH +4)
You have a tail ending in a sharp stinger.


   Skills:
 - Level 1.0 Fighting
 - Level 1.7 Dodging
 + Level 6.5 Unarmed Combat
 + Level 5.6 Shapeshifting


You had 6 spell levels left.
You didn't know any spells.
Your spell library contained the following spells:

 Spells                   Type           Power      Damage    Failure   Level
 Dazzling Flash           Conj/Hex       0%         N/A       77%         3
 Volatile Blastmotes      Fire/Tloc      0%         2d10      77%         3
 Starburst                Conj/Fire      0%         6d3       100%        6
 Maxwell's Capacitive Co  Air            0%         ∞         100%        8

Inventory:

Armour
 a - a +1 animal skin (worn)
Jewellery
 e - a ring of willpower (left hand)
   (You found it on level 2 of the Dungeon)
 f - a ring of see invisible (right hand)
   (You found it on level 3 of the Dungeon)
 o - an amulet of guardian spirit
   (You found it on level 3 of the Dungeon)
 q - an amulet of faith
   (You found it in a sewer)
 t - a ring of protection from fire
   (You found it on level 5 of the Dungeon)
 x - a +6 ring of dexterity
   (You found it on level 5 of the Dungeon)
Talismans
 c - a beast talisman (active)
Scrolls
 d - a scroll of torment
 g - 4 scrolls of amnesia
 k - a scroll of brand weapon
 m - 6 scrolls of teleportation
 p - 2 scrolls of poison
 s - a scroll of blinking
 w - a scroll of revelation
 y - a scroll of immolation {unknown}
Potions
 b - 2 potions of resistance {unknown}
 h - 2 potions of attraction
 i - a potion of enlightenment {unknown}
 j - 4 potions of magic {unknown}
 l - 3 potions of curing
 n - 2 potions of cancellation {unknown}
 r - a potion of might {unknown}
 u - 2 potions of brilliance {unknown}
 v - 4 potions of haste {unknown}

Dungeon Overview and Level Annotations

Branches:
Dungeon (5/15) Zot: 25684   Sewer (visited)         Ossuary (visited)
 Temple: D:4-7

Altars:

Shops:
D:2

:
.##.#..........#.##.#.#
#.#
....#.##########.##.#.#
#.# .......# #.##.#.##
#.# #####.## #.##....#
#.# # ### #.####..# #.#
# ##.####..# #.# #
#........# .#
#..#####.####.#
#.h.......[...#
#..O.........###
#..######.##.#######
#.. #.##.<...... #..
#.#########. #>. #.# #.
#.. #.# #. #.. #.# #.
###.


You could see an ogre.


Message History

A quokka is nearby!
A quokka is nearby!
A quokka is nearby!
A quokka is nearby!
A quokka is nearby!
You block the quokka's attack. The quokka misses you.
Unknown command.
You hit the quokka.
Your tail-slap misses the quokka.
The quokka barely misses you.
You punch the quokka!
You kill the quokka!
No target in view!
Unknown command.
No target in view!
No target in view!
Unknown command.
A scorpion comes into view.
The scorpion closely misses you.
A scorpion is nearby!
A scorpion is nearby!
You hit the scorpion.
Your tail-slap misses the scorpion.
The scorpion stings you. 😕 HP[-1]
You take 1 damage, and now have 47/48 hp.
You punch the scorpion! You tail-slap the scorpion!
The scorpion closely misses you.
Unknown command.
You punch the scorpion!
You kill the scorpion!
You see here a scorpion corpse. 😎 HP[+1]
Your hp is fully restored (48).
No target in view!
Unknown command.
A white imp comes into view.
The white imp shouts, "Scamper home, thou plume-plucked onion-eyed simpleton!"
You see here a scroll labelled GUFFUMM AGOPT.
A white imp is nearby!
A white imp is nearby!
An iguana comes into view.
The white imp closely misses you.
Unknown command.
The iguana hisses angrily.
You hit the white imp. The white imp closely misses you.
You hit the white imp but do no damage.
The white imp hits you but does no damage.
You punch the white imp!
You kill the white imp!
The iguana misses you.
You punch the iguana!
Unknown command.
The iguana closely misses you.
You hit the iguana. The iguana bites you. 😕 HP[-4]
You take 4 damage, and now have 44/48 hp.
The iguana barely misses you.
You hit the iguana but do no damage. You tail-slap the iguana.
The iguana bites you. 😕 HP[-4]
You take 4 damage, and now have 40/48 hp.
Unknown command.
You punch the iguana!
You kill the iguana! 😕 HP[+1] No target in view!
You see here an iguana corpse.
No target in view!
Unknown command.
y - a scroll labelled GUFFUMM AGOPT 😎 HP[+7]
Your hp is fully restored (48).
You see here an iguana corpse.
Key pressed, stopping explore.
Found a stone staircase leading up.
There is a stone staircase leading up here.
You see here a +0 pair of gloves.
An ogre comes into view. It is wielding a +0 giant club.
Found a stone staircase leading down.
The ogre shouts!
An ogre is nearby!
An ogre is nearby!
An ogre is nearby!
You hit the ogre. The ogre closely misses you.
You barely miss the ogre.
Unknown command.
You completely miss the ogre.
The ogre hits you with a +0 giant club!!
Ouch! That really hurt!
* * * LOW HITPOINT WARNING * * *
You are too injured to fight recklessly! 😨 HP[-31]
You take 31 damage, and now have 17/48 hp.
MASSIVE DAMAGE!! (PAUSE)
You punch the ogre! You punch the ogre. You block the ogre's attack.
You barely miss the ogre.
Unknown command.
You hit the ogre.
The ogre hits you with a +0 giant club!!
Ouch! That really hurt!
You die...

Skill      XL: |  1  2  3  4  5  6  7 |
---------------+----------------------+-----
Unarmed Combat | 3 4 5 6 |  6.5
Shapeshifting  | 3 4 5 |  5.6
Fighting       | |  1.0
Dodging        | |  1.7

Action                     |  1- 3 |  4- 6 |  7- 9 || total
---------------------------+-------+-------+-------++-------
  Melee: Unarmed           |   102 |   214 |    90 ||   406
         Tailslap          |     9 |    21 |    18 ||    48
         Punch             |     1 |     4 |     5 ||    10
    Use: Scroll            |     7 |     5 |       ||    12
         Potion            |       |       |     2 ||     2
   Stab: Sleeping          |     1 |     2 |     3 ||     6
 Armour: Animal skin       |    26 |    44 |    15 ||    85
         Skin              |       |       |     4 ||     4
  Dodge: Dodged            |    56 |   141 |    68 ||   265
  Block: Other             |       |    12 |    11 ||    23

Levels and vault maps discovered:
D:1:      dpeg_arrival_connections, layout_loops_ring
D:2:      minmay_alternating_diamond, layout_loops_ring, serial_shops,
          nicolae_book_shop_shelving
D:3:      layout_loops_corners
D:4:      minmay_diamond_boxcup, layout_cave_pools, gup_sewer_entry_bowl
D:5:      layout_loops_ring, minmay_temple_entry_hall,
          nicolae_ossuary_entry_false_entrances

Notes
Turn   | Place    | Note
-------+----------+-------------------------------------------
     0 | D:1      | ytrimaz the Demonspawn Shapeshifter began the quest for the
                  | Orb.
     0 | D:1      | Reached XP level 1. HP: 15/15 MP: 1/1
     0 | D:1      | magus.rc [v1.9.6]
   222 | D:1      | Reached skill level 3 in Unarmed Combat
   222 | D:1      | Gained mutation: You have a small tail. [demonic ancestry]
   222 | D:1      | Reached XP level 2. HP: 17/21 MP: 2/2
   343 | D:1      | Reached skill level 3 in Shapeshifting
   637 | D:1      | Reached XP level 3. HP: 25/26 MP: 3/3
   955 | D:2      | Found Nurykk Pigh's Book Emporium.
  1676 | D:3      | Reached XP level 4. HP: 18/32 MP: 4/4
  2207 | D:3      | Reached skill level 4 in Unarmed Combat
  2591 | D:3      | You pick up a book of Spectacle and begin reading...
  2591 | D:3      | You add the spells Volatile Blastmotes, Dazzling Flash,
                  | Starburst and Maxwell's Capacitive Coupling to your
                  | library.
  2739 | D:4      | Gained mutation: You have a tail ending in a sharp stinger.
                  | [demonic ancestry]
  2739 | D:4      | Reached XP level 5. HP: 11/37 MP: 5/5
  2937 | D:4      | Found a glowing drain.
  2942 | Sewer    | Entered a sewer
  3137 | Sewer    | Reached skill level 4 in Shapeshifting
  3239 | Sewer    | Gained mutation: A meltable shield of frost defends you.
                  | (SH +4) [demonic ancestry]
  3239 | Sewer    | Reached XP level 6. HP: 26/43 MP: 6/6
  3456 | D:4      | Reached skill level 5 in Unarmed Combat
  3953 | D:4      | Reached XP level 7. HP: 48/48 MP: 7/7
  4118 | D:5      | Entered Level 5 of the Dungeon
  4121 | D:5      | Found a sand-covered staircase.
  4159 | Ossuary  | Entered an ossuary
  4165 | Ossuary  | HP: 6/48 [mummy (17)]
  4332 | Ossuary  | Reached skill level 5 in Shapeshifting
  4384 | Ossuary  | HP: 9/48 [mummy (11)]
  4398 | Ossuary  | HP: 3/48 [mummy (10)]
  4403 | Ossuary  | Reached skill level 6 in Unarmed Combat
  5113 | D:5      | Mangled by an ogre

Vanquished Creatures
  An ogre (D:4)
  A bullfrog (Sewer)
  3 scorpions
  4 centaur zombies (Ossuary)
  2 jellies
  A sleepcap (D:4)
  3 iguanas
  An orc wizard (D:5)
  5 mummies (Ossuary)
  9 adders
  4 gnolls (D:4)
  A white imp (D:5)
  An ufetubus (D:5)
  2 worms (D:4)
  4 dart slugs
  14 orcs
  4 endoplasms
  13 giant cockroaches
  6 goblins
  5 hobgoblins
  4 jackals (D:3)
  4 kobolds
  9 quokkas
  15 ball pythons
  7 bats (D:1)
  10 frilled lizards (Sewer)
  3 hobgoblin zombies (Ossuary)
  4 rats
140 creatures vanquished.

Table legend:
 A = Non-vault XP
 B = Vault XP
 C = Vault XP percentage of total XP
 D = Non-vault monster count
 E = Vault monster count
 F = Vault count percentage of total count
                 A         B        C        D         E       F
            +---------+---------+-------+---------+---------+-------
      Total |     764 |     653 |  46.1 |      85 |      55 |  39.3
            +---------+---------+-------+---------+---------+-------
        D:1 |      44 |       0 |   0.0 |      25 |       0 |   0.0
        D:2 |      11 |      19 |  63.3 |       6 |       5 |  45.5
        D:3 |      84 |       0 |   0.0 |      22 |       0 |   0.0
        D:4 |     250 |     195 |  43.8 |      19 |       8 |  29.6
        D:5 |     375 |       0 |   0.0 |      13 |       0 |   0.0
      Sewer |       0 |     163 | 100.0 |       0 |      30 | 100.0
    Ossuary |       0 |     276 | 100.0 |       0 |      12 | 100.0
            +---------+---------+-------+---------+---------+-------

Skill      XL: |  1  2  3  4  5  6  7 |
---------------+----------------------+-----
Unarmed Combat | 3 4 5 6 |  6.5
Shapeshifting  | 3 4 5 |  5.6
Fighting       | |  1.0
Dodging        | |  1.7

Action                     |  1- 3 |  4- 6 |  7- 9 || total
---------------------------+-------+-------+-------++-------
  Melee: Unarmed           |   102 |   214 |    90 ||   406
         Tailslap          |     9 |    21 |    18 ||    48
         Punch             |     1 |     4 |     5 ||    10
    Use: Scroll            |     7 |     5 |       ||    12
         Potion            |       |       |     2 ||     2
   Stab: Sleeping          |     1 |     2 |     3 ||     6
 Armour: Animal skin       |    26 |    44 |    15 ||    85
         Skin              |       |       |     4 ||     4
  Dodge: Dodged            |    56 |   141 |    68 ||   265
  Block: Other             |       |    12 |    11 ||    23

Illustrated notes

Table legend:
 A = Kills in this place as a percentage of kills in the entire game.
 B = Kills by you in this place as a percentage of kills by you in the entire game.
 C = Kills by friends in this place as a percentage of kills by friends in the entire game.
 D = Other kills in this place as a percentage of other kills in the entire game.
 E = Experience gained in this place as a percentage of experience gained in the entire game.
 F = Experience gained in this place divided by the number of levels of this place that you have seen.
                   A       B       C       D       E      F
               +-------+-------+-------+-------+-------+----------------------
         Total | 100.0 | 100.0 |   N/A |   N/A | 100.0 | 202.4
       Dungeon |  70.0 |  70.0 |   N/A |   N/A |  69.0 | 195.6
         Sewer |  21.4 |  21.4 |   N/A |   N/A |  11.5 | 163.0
       Ossuary |   8.6 |   8.6 |   N/A |   N/A |  19.5 | 276.0
               +-------+-------+-------+-------+-------+----------------------

Table legend: (Time is in decaauts)
 A = Elapsed time spent in this place.
 B = Non-inter-level travel time spent in this place.
 C = Inter-level travel time spent in this place.
 D = Time resting spent in this place.
 E = Time spent auto-exploring this place.
 F = Levels seen in this place.
 G = Mean time per level.
                   A        B        C        D        E       F      G
               +--------+--------+--------+--------+--------+-----+--------+
         Total |   5123 |   5006 |    117 |    147 |   3819 |   7 |  731.9 |
       Dungeon |   4314 |   4197 |    117 |      0 |   3467 |   5 |  862.8 |
         Sewer |    404 |    404 |      0 |      0 |    187 |   1 |  404.0 |
       Ossuary |    404 |    404 |      0 |    147 |    164 |   1 |  404.0 |
               +--------+--------+--------+--------+--------+-----+--------+

Top non-repeatable levels by time:
     D:4: 1063 daAuts
     D:3: 1062 daAuts
     D:1: 804 daAuts
     D:2: 803 daAuts
     D:5: 580 daAuts
   Sewer: 404 daAuts
 Ossuary: 404 daAuts
